 Dungeon Crawl Stone Soup version 0.22-a0-603-gfc1114d (webtiles) character file.

58 digijack the Grave Robber (level 3, -3/26 HPs)
             Began as a Demonspawn Necromancer on July 7, 2018.
             Slain by a gnoll
             ... wielding a +0 flail
              (11 damage)
             ... on level 2 of the Dungeon.
             The game lasted 00:18:45 (1843 turns).

digijack the Grave Robber (Demonspawn Necromancer)  Turns: 1843, Time: 00:18:45

Health: -3/26      AC:  2    Str:  8    XL:     3   Next: 75%
Magic:  2/6        EV: 17    Int: 17    God:
Gold:   189        SH:  0    Dex: 14    Spells: 5/6 levels left

rFire    . . .     SeeInvis .   e - +2 short sword (speed)
rCold    . . .     Gourm    .   (no shield)
rNeg     . . .     Faith    .   a - +0 robe
rPois    .         Spirit   .   (no helmet)
rElec    .         Reflect  .   (no cloak)
rCorr    .         Harm     .   (no gloves)
MR       .....                  (no boots)
Stlth    +++.......             (no amulet)
HPRegen  0.08/turn              b - -4 ring of dexterity (curse)
MPRegen  0.10/turn              (no ring)

@: agile
A: powered by death 1, powered by pain 1
a: no special abilities


You were on level 2 of the Dungeon.
You were not hungry.

You visited 1 branch of the dungeon, and saw 3 of its levels.

You collected 189 gold pieces.

Inventory:

Hand Weapons
 e - a +2 short sword of speed (weapon)
Armour
 a - a +0 robe (worn)
Jewellery
 b - a cursed -4 ring of dexterity (left hand)
Comestibles
 c - 8 chunks of flesh
 d - 2 rations


   Skills:
 + Level 1.2 Fighting
 + Level 2.2 Dodging
 + Level 2.3 Stealth
 + Level 2.4 Spellcasting
 + Level 4.8 Necromancy


You had 5 spell levels left.
You knew the following spells:

 Your Spells              Type           Power        Failure   Level  Hunger
a - Pain                  Necr           ###.         2%          1    #......

Your spell library contained the following spells:

 Spells                   Type           Power        Failure   Level  Hunger
 Animate Dead             Necr           N/A          26%         4    #####..
 Animate Skeleton         Necr           N/A          2%          1    #......
 Vampiric Draining        Necr           ###.......   8%          3    ###....
 Regeneration             Chrm/Necr      ##........   21%         3    ###....


Dungeon Overview and Level Annotations

Branches:
Dungeon (3/15)

Altars:
Cheibriados
Gozag


Innate Abilities, Weirdness & Mutations

You regenerate a little health from kills.
You sometimes gain a little power by taking damage.


Message History

The gnoll closely misses you.
Casting: Pain (safe; 2% risk of failure)
Confirm with . or Enter, or press ? or * to list all spells.
Aiming: Pain (safe; 2% risk of failure)
Press: ? - help, Shift-Dir - straight line, f/p - gnoll
Aim: a gnoll, wielding a flail (moderately wounded, berserk, fast, unusually strong, incited by Gozag, chance to defeat MR: 84%)
The gnoll writhes in agony!
The gnoll misses you. x2
Casting: Pain (safe; 2% risk of failure)
Confirm with . or Enter, or press ? or * to list all spells.
Aiming: Pain (safe; 2% risk of failure)
Press: ? - help, Shift-Dir - straight line, f/p - gnoll
Aim: a gnoll, wielding a flail (heavily wounded, berserk, fast, unusually strong, incited by Gozag, chance to defeat MR: 84%)
The gnoll writhes in agony!
The gnoll barely misses you.
Casting: Pain (safe; 2% risk of failure)
Confirm with . or Enter, or press ? or * to list all spells.
Aiming: Pain (safe; 2% risk of failure)
Press: ? - help, Shift-Dir - straight line, f/p - gnoll
Aim: a gnoll, wielding a flail (heavily wounded, berserk, fast, unusually strong, incited by Gozag, chance to defeat MR: 84%)
The gnoll writhes in agony!
The gnoll hits you with a flail!
You die...

.....##........#...<..#
.....##...............#
......................#
.....###..<......######
.....# #.........#
.....# #......[..#
.....# #.....>...#
.....# #.........#
..#### #########@# ..
###g######
#######.g.)....#
#..............#
#..............#
#..............# #
#..........#####
..####..........#
................#


You could see 2 gnolls.

Vanquished Creatures
  A worm (D:2)
  2 dart slugs
  4 leopard geckos
  A ball python (D:1)
  7 bats
  4 giant cockroaches
  4 goblins
  3 hobgoblins
  6 jackals
  5 kobolds
  A frilled lizard (D:1)
  2 rats (D:1)
40 creatures vanquished.

Notes
Turn   | Place    | Note
-------+----------+-------------------------------------------
     0 | D:1      | digijack the Demonspawn Necromancer began the quest for the Orb.
     0 | D:1      | Reached XP level 1. HP: 13/13 MP: 3/3
   335 | D:1      | Gained mutation: You sometimes gain a little power by taking damage. [demonic ancestry]
   335 | D:1      | Reached XP level 2. HP: 17/20 MP: 1/5
  1167 | D:2      | Found a faded altar of an unknown god.
  1191 | D:2      | Reached skill level 1 in Fighting
  1191 | D:2      | Gained mutation: You regenerate a little health from kills. [demonic ancestry]
  1191 | D:2      | Reached XP level 3. HP: 20/26 MP: 0/6
  1245 | D:2      | Became a worshipper of Gozag Ym Sagoz the Greedy
  1402 | D:2      | Fell from the grace of Gozag
  1669 | D:2      | Found a snail-covered altar of Cheibriados.
  1843 | D:2      | Slain by a gnoll

Vault maps used:
D:1:      minmay_arrival_wavy_path, minivault_4
D:2:      kennysheep_slug_shrine, chequers_ecumenical_altar_simple_redux
D:3:      led_sif_pool

Skill      XL: |  1  2 |
---------------+-------+-----
Stealth        | 2 |  2.3
Dodging        | 2 |  2.2
Fighting       | 1 |  1.2
Spellcasting   | |  2.4
Necromancy     | |  4.8

Action                   || total
-------------------------++-------
Melee: Hand axe          ||     3
       Short sword       ||    22
 Cast: Pain              ||    79
Invok: Potion Petition   ||     1
       Renounce Religion ||     1
  Use: Potion            ||     5
       Scroll            ||     4
  Eat: Chunk             ||     1
       Ration            ||     1
Armor: Robe              ||     8
Dodge: Dodged            ||    50

Table legend:
 A = Spawn XP
 B = Non-spawn XP
 C = Spawn XP percentage of total XP
 D = Spawn monster count
 E = Non-spawn monster count
 F = Spawn count percentage of total count
 G = Total turns spent on level
                    A         B        C        D         E        F      G
               +---------+---------+-------+---------+---------+-------+---------
         Total |       0 |      83 |   0.0 |       0 |      40 |   0.0 |  1843
               +---------+---------+-------+---------+---------+-------+---------
           D:1 |       0 |      40 |   0.0 |       0 |      22 |   0.0 |  1167
           D:2 |       0 |      25 |   0.0 |       0 |      10 |   0.0 |   433
           D:3 |       0 |      18 |   0.0 |       0 |       8 |   0.0 |   243
               +---------+---------+-------+---------+---------+-------+---------
